 Dungeon Sprint DCSS version 0.26-a0-1222-g14533b3512 (webtiles) character file.

Game seed: 8216236854068545537

283396 reriks the Phalangite (level 13, 116/116 HPs)
             Began as a Merfolk Berserker on Dec 31, 2020.
             Was the Champion of Trog.
             Escaped with the Orb!
             The game lasted 00:15:05 (4428 turns).

reriks the Phalangite (Merfolk Berserker)           Turns: 4428, Time: 00:15:06

Health: 116/116    AC: 21    Str: 24    XL:     13   Next: 45%
Magic:  13/13      EV: 19    Int:  8    God:    Trog [******]
Gold:   3918       SH:  0    Dex: 13    Spells: 12/12 levels left

rFire    + . .     SeeInvis +   x - +6 bardiche (flame)
rCold    . . .     Faith    .   (shield currently unavailable)
rNeg     + . .     Spirit   +   I - +2 plate armour {rN+}
rPois    +         Reflect  .   o - +0 hat {Will+}
rElec    +         Harm     .   F - +0 cloak
rCorr    .         Rampage  .   m - +0 pair of gloves {Str+3}
Will     ++...     NoTele   +   (no boots)
Stlth    ..........             q - amulet of guardian spirit
HPRegen  0.29/turn              l - ring "Goxter" {rPois rF+ Will+ Stlth-}
MPRegen  0.13/turn              w - ring of see invisible

@: contaminated, glowing, studying 2 skills
A: change form in water, swift swim, stealthy swim, clever 1, deterioration 1,
electricity resistance, weak 1
0: Orb of Zot
a: Renounce Religion, Berserk, Trog's Hand, Brothers in Arms


You escaped.
You worshipped Trog.
Trog was exalted by your worship.
You visited 1 branch You collected 4570 gold pieces.
You spent 652 gold pieces at shops.

Inventory:

Hand Weapons
 p - the +9 glaive of Existentialism {vorpal, rF++, unknown}
   (Trog gifted it to you in the Dungeon)

   It inflicts extra damage upon your enemies.
   It greatly protects you from fire.
 x - a +6 bardiche of flaming (weapon)
 H - a +2 glaive of flaming
Armour
 b - a +0 animal skin
 j - a +1 chain mail
 m - a +0 pair of gloves of strength (worn)
 o - a +0 hat of willpower (worn)
 F - a +0 cloak (worn)
 I - a +2 plate armour of positive energy (worn)
Jewellery
 a - an uncursed ring of wizardry
 k - an uncursed ring of willpower
 l - the ring "Goxter" (left hand) {rPois rF+ Will+ Stlth-}
   (You bought it in a shop in the Dungeon)

   [ring of attention]

   It protects you from fire.
   It protects you from poison.
   It affects your willpower, your defense against some magical effects.
   It makes you less stealthy.
 q - an amulet of guardian spirit (around neck)
 s - a cursed amulet of inaccuracy
 w - a ring of see invisible (right hand)
 y - an uncursed ring of fire
 z - an uncursed amulet of reflection {unknown}
 A - a +4 ring of protection
 B - an uncursed ring of positive energy
 G - an uncursed ring of stealth {unknown}
Scrolls
 h - a scroll of blinking
 n - a scroll of enchant armour
 E - 2 scrolls of enchant weapon
Potions
 c - 4 potions of curing
 d - 3 potions of heal wounds
 e - a potion of haste
 f - 14 potions of magic
 g - a potion of berserk rage
 r - 2 potions of degeneration {unknown}
 t - 3 potions of flight
 u - a potion of brilliance {unknown}
 v - 3 potions of resistance {unknown}
 J - 19 potions of mutation
Books
 i - a manual of Bows
 D - a manual of Armour


   Skills:
 + Level 15.6 Fighting
 * Level 25.6 Polearms
 + Level 13.0 Armour
 * Level 23.8 Dodging


You had 12 spell levels left.
You didn't know any spells.
Your spell library was empty.

Dungeon Overview and Level Annotations

Branches:
Dungeon (1/1)

Altars:
Cheibriados
Dithmenos
Elyvilon
Fedhas
Gozag
Hepliaklqana
Kikubaaqudgha
Makhleb
Nemelex Xobeh
Okawaru
Qazlal
Ru
Sif Muna
Trog
Uskayaw
Vehumet
Wu Jian
Xom
Yredelemnul
Zin
The Shining One
Beogh
Jiyva
Lugonu

Shops:
D [(:?(!:}[=!=?}?[:

Annotations:
D exclusion: oklob plant


Innate Abilities, Weirdness & Mutations

You revert to your normal form in water.
You are very nimble and swift while swimming.
You are very stealthy in the water. (Stealth+)
Your mind is acute. (Int +2)
Your body sometimes deteriorates upon taking damage.
You are resistant to electric shocks. (rElec)
You are weak. (Str -2)


Message History

A tentacle comes into view.
A hellion comes into view.
You are starting to lose your buoyancy.
The hellion gives a hideous shriek!
Your body shudders with the violent release of wild energies!
You feel yourself wasting away.
Things that are here:
a +0 arbalest; 13 bolts Really fly into a travel-excluded area?
Your extra speed is starting to run out.
You float gracefully downwards.
There is an open door here.
There is an open door, spattered with blood here.
There is a staircase leading out of the dungeon here.
You start waiting.
You feel yourself slow down.
You start waiting.
A large abomination is nearby!
Your library has no spells.
You have escaped!

##########≈≈#+++#+++## #
#########≈≈≈.........# #
........#≈≈≈≈.##+##..# #
...⌠....#≈≈≈≈###..##.#### +.##.#
..∩.∩...#≈≈≈≈#.##..#....# .^.##
.∩.∩.∩..#≈≈####.#.####..## #..#
∩.∩.∩.∩.#≈##.###'###.##..# +..#
.∩...∩.∩#≈#...##.##X.##..# #.^#
∩.....∩.'≈'##.'.@.'##.'..####..##
........#≈#...##.##..##...§###...
▓▓▓▓▓▓###≈##.###'###.##.§§)..≈≈≈≈
!{l######≈≈####...####≈≈.....≈#X#
$.l#s? ##≈≈≈#..#..#≈≈≈≈≈≈≈..≈#..
∩P$+s.# #'#≈##...##≈≈§§≈≈§≈§≈#._
[.?#(##z #(#≈≈##'##≈≈≈≈§§≈≈≈≈≈#_.
$$.###°§ ####≈≈≈≈≈≈§≈≈≈§≈§≈§≈≈#._
#°°° #'''#§'§#≈§≈≈≈§≈§≈#_.


You could see a large abomination.

Vanquished Creatures
  3 quicksilver dragons (D)
  A deep elf blademaster (D)
  Murray (D)
  Gastronok (D)
  3 lorocyprocas (D)
  A dire elephant (D)
  3 sixfirhies (D)
  2 deep trolls (D)
  An orange crystal statue (D)
  An obsidian statue (D)
  3 orc sorcerers (D)
  A harpy (D)
  5 shining eyes (D)
  A merfolk siren (D)
  An eye of devastation (D)
  A yaktaur (D)
  3 polar bears (D)
  A hornet (D)
  18 flying skulls (D)
  A vampire mosquito (D)
  4 water moccasins (D)
  6 floating eyes (D)
  4 necrophages (D)
  9 electric eels (D)
  A jelly (D)
  4 worker ants (D)
  3 worms (D)
  A ballistomycete spore (D)
84 creatures vanquished.

Vanquished Creatures (collateral kills)
  7 shining eyes (D)
  4 floating eyes (D)
11 creatures vanquished.

Vanquished Creatures (others)
  Menkaure (D)
  A water moccasin (D)
  A ballistomycete spore (D)
  16 tentacles (D)
19 creatures vanquished.

Grand Total: 114 creatures vanquished

Notes
Turn   | Place    | Note
-------+----------+-------------------------------------------
     0 | D        | reriks the Merfolk Berserker began the quest for the Orb.
     0 | D        | Reached XP level 1. HP: 18/18 MP: 1/1
     6 | D        | Reached skill level 5 in Polearms
     9 | D        | Reached XP level 2. HP: 25/25 MP: 2/2
    10 | D        | Reached ** piety under Trog
    20 | D        | Killed a water moccasin
   144 | D        | Killed Menkaure
   160 | D        | Reached skill level 6 in Polearms
   160 | D        | Reached skill level 5 in Dodging
   160 | D        | Reached XP level 3. HP: 30/30 MP: 3/3
   162 | D        | Reached skill level 7 in Polearms
   162 | D        | Reached XP level 4. HP: 38/38 MP: 4/4
   168 | D        | Reached skill level 8 in Polearms
   171 | D        | Reached *** piety under Trog
   172 | D        | Reached skill level 5 in Fighting
   216 | D        | Noticed a merfolk siren
   241 | D        | HP: 1/39 [merfolk siren/+0 trident (23)]
   249 | D        | Killed a merfolk siren
   250 | D        | Reached skill level 12 in Polearms
   250 | D        | Reached skill level 10 in Dodging
   250 | D        | Reached XP level 5. HP: 6/48 MP: 5/5
   250 | D        | Reached XP level 6. HP: 7/55 MP: 6/6
   522 | D        | Noticed a necrophage
   522 | D        | Noticed a necrophage
   522 | D        | Noticed a necrophage
   522 | D        | Noticed a necrophage
   530 | D        | Killed a necrophage
   531 | D        | Reached XP level 7. HP: 60/60 MP: 7/7
   537 | D        | Reached **** piety under Trog
   538 | D        | Reached skill level 13 in Polearms
   538 | D        | Reached skill level 5 in Armour
   669 | D        | Found Vory's Magic Scroll Boutique.
   669 | D        | Found Syococh's Magic Scroll Shop.
   669 | D        | Found Ukkiaqan's Jewellery Boutique.
   669 | D        | Found Lepetiod's Distillery.
   669 | D        | Found Xeinuj's Antique Armour Shop.
   670 | D        | Found Etaryu's Jewellery Shop.
   670 | D        | Found Coukk's Gadget Shop.
   671 | D        | Found Vozxi's Book Shop.
   671 | D        | Found Qyostry's Distillery.
   671 | D        | Noticed a wyvern
   672 | D        | Found Hotwuuso's Gadget Boutique.
   673 | D        | Found Rimoh's Antique Weapon Shop.
   673 | D        | Found Wuimob's Magic Scroll Boutique.
   673 | D        | Noticed a wyvern
   673 | D        | Noticed an oklob plant
   674 | D        | Found Fojep Jeish's Antique Weapon Shop.
   674 | D        | Found Jeit Vuu's Antique Armour Boutique.
   674 | D        | Found Cuamn's Book Shoppe.
   683 | D        | Reached skill level 14 in Polearms
   683 | D        | Reached XP level 8. HP: 44/68 MP: 8/8
   856 | D        | Reached ***** piety under Trog
   889 | D        | Noticed a redback
   891 | D        | Noticed a redback
   893 | D        | Bought a chain mail for 139 gold pieces
   904 | D        | Bought a glowing trident for 169 gold pieces
   904 | D        | Noticed a flying skull
   904 | D        | Noticed a flying skull
   909 | D        | Bought the ring "Goxter" {rPois rF+ Will+ Stlth-} for 344
                  | gold pieces
   932 | D        | Found a stormy altar of Qazlal.
   947 | D        | Found an ornate altar of the Wu Jian Council.
   948 | D        | Found a hazy altar of Hepliaklqana.
   948 | D        | Found a sacrificial altar of Ru.
   949 | D        | Found a roughly hewn altar of Beogh.
   949 | D        | Found a viscous altar of Jiyva.
   949 | D        | Found a shimmering blue altar of Sif Muna.
   950 | D        | Found a snail-covered altar of Cheibriados.
   950 | D        | Found an ancient bone altar of Kikubaaqudgha.
   950 | D        | Found a shimmering altar of Xom.
   950 | D        | Found a bloodstained altar of Trog.
   951 | D        | Found a shadowy altar of Dithmenos.
   951 | D        | Found a corrupted altar of Lugonu.
   952 | D        | Noticed a polar bear
   973 | D        | Killed a polar bear
  1026 | D        | Noticed a hornet
  1026 | D        | Noticed a polar bear
  1029 | D        | Noticed a yaktaur
  1032 | D        | Killed a hornet
  1033 | D        | Reached skill level 15 in Polearms
  1048 | D        | Killed a polar bear
  1053 | D        | Killed a yaktaur
  1053 | D        | Received a gift from Trog
  1054 | D        | Reached XP level 9. HP: 54/77 MP: 9/9
  1054 | D        | Got an iridescent lajatang {god gift}
  1226 | D        | Identified the +9 lajatang of Terror {vorpal, rF- Int+5}
                  | (Trog gifted it to you in the Dungeon)
  1233 | D        | Noticed a polar bear
  1252 | D        | Killed a polar bear
  1253 | D        | Reached skill level 16 in Polearms
  1459 | D        | Found a white marble altar of Elyvilon.
  1459 | D        | Found a burning altar of Makhleb.
  1460 | D        | Found a blossoming altar of Fedhas.
  1461 | D        | Found an opulent altar of Gozag.
  1469 | D        | Noticed a kraken
  1902 | D        | Reached skill level 15 in Dodging
  1908 | D        | Found a sparkling altar of Nemelex Xobeh.
  1908 | D        | Found a hide-covered altar of Uskayaw.
  1908 | D        | Found a basalt altar of Yredelemnul.
  1909 | D        | Found a radiant altar of Vehumet.
  1909 | D        | Found a glowing silver altar of Zin.
  1910 | D        | Found an iron altar of Okawaru.
  1918 | D        | Reached skill level 10 in Fighting
  1921 | D        | Noticed a deep troll
  1921 | D        | Noticed a deep troll
  1927 | D        | Killed a deep troll
  1928 | D        | Reached skill level 17 in Polearms
  1934 | D        | Killed a deep troll
  1935 | D        | Reached XP level 10. HP: 86/86 MP: 6/10
  2015 | D        | Found a glowing golden altar of the Shining One.
  2022 | D        | Noticed an orange crystal statue
  2075 | D        | Received a gift from Trog
  2250 | D        | Reached skill level 18 in Polearms
  2332 | D        | Reached ****** piety under Trog
  2334 | D        | Received a gift from Trog
  2369 | D        | Reached skill level 19 in Polearms
  2374 | D        | Received a gift from Trog
  2586 | D        | Noticed a sixfirhy
  2594 | D        | Killed an orange crystal statue
  2595 | D        | Noticed a sixfirhy
  2596 | D        | Noticed a sixfirhy
  2602 | D        | Gained mutation: Scrolls take you a little longer to read.
                  | [mutagenic glow]
  2603 | D        | Found Zavoka's Book Shoppe.
  2604 | D        | Found Oqun's Antique Armour Boutique.
  2644 | D        | Gained mutation: You occasionally shout uncontrollably at
                  | your foes. [mutagenic glow]
  2675 | D        | Killed a sixfirhy
  2676 | D        | Reached XP level 11. HP: 95/95 MP: 9/11
  2677 | D        | Killed a sixfirhy
  2678 | D        | Reached skill level 20 in Polearms
  2679 | D        | Killed a sixfirhy
  2679 | D        | Received a gift from Trog
  2815 | D        | Noticed Gastronok
  2821 | D        | Killed Gastronok
  2822 | D        | Reached skill level 21 in Polearms
  2869 | D        | Noticed a dire elephant
  2869 | D        | Noticed an orc sorcerer
  2869 | D        | Noticed an orc sorcerer
  2869 | D        | Noticed an orc sorcerer
  2874 | D        | Killed a dire elephant
  2877 | D        | Killed an orc sorcerer
  2879 | D        | Killed an orc sorcerer
  2879 | D        | Received a gift from Trog
  2883 | D        | Killed an orc sorcerer
  2922 | D        | Identified the Compendium of Fascination
  2984 | D        | Identified 4 scrolls of acquirement
  2984 | D        | Acquired a manual of Armour
  2987 | D        | Acquired a manual of Armour
  2990 | D        | Acquired 765 gold pieces
  2993 | D        | Acquired 847 gold pieces
  2995 | D        | Noticed an obsidian statue
  3006 | D        | Killed an obsidian statue
  3057 | D        | Noticed a deep elf blademaster
  3065 | D        | Noticed a harpy
  3072 | D        | Killed a deep elf blademaster
  3073 | D        | Reached skill level 22 in Polearms
  3073 | D        | Reached skill level 10 in Armour
  3073 | D        | Reached XP level 12. HP: 105/105 MP: 9/12
  3136 | D        | Received a gift from Trog
  3137 | D        | Got a dazzling glaive {god gift}
  3229 | D        | Paralysed by a floating eye for 2 turns
  3229 | D        | Gained mutation: Scrolls take you longer to read. [a
                  | shining eye]
  3232 | D        | Gained mutation: You are clumsy. (Dex -2) [a shining eye]
  3234 | D        | Received a gift from Trog
  3236 | D        | Reached skill level 23 in Polearms
  3236 | D        | Gained mutation: Your magical capacity is low. (-10% MP) [a
                  | shining eye]
  3237 | D        | Gained mutation: You are dopey. (Int -2) [a shining eye]
  3238 | D        | Paralysed by a floating eye for 3 turns
  3239 | D        | Gained mutation: You evolve. [a shining eye]
  3239 | D        | Gained mutation: Scrolls take you much longer to read. [a
                  | shining eye]
  3240 | D        | Gained mutation: You are frail. (-10% HP) [a shining eye]
  3240 | D        | Gained mutation: You are very dopey. (Int -4) [a shining
                  | eye]
  3242 | D        | Received a gift from Trog
  3242 | D        | Gained mutation: You are very frail. (-20% HP) [a shining
                  | eye]
  3246 | D        | Gained mutation: Armour fits poorly on your strangely
                  | shaped body. [a shining eye]
  3248 | D        | Gained mutation: You are weak. (Str -2) [a shining eye]
  3249 | D        | Received a gift from Trog
  3342 | D        | Lost mutation: You are very dopey. (Int -4) [potion of
                  | mutation]
  3342 | D        | Lost mutation: Scrolls take you much longer to read.
                  | [potion of mutation]
  3342 | D        | Lost mutation: You are dopey. (Int -2) [potion of mutation]
  3342 | D        | Gained mutation: Your spells are a little harder to cast,
                  | but a little more powerful. [potion of mutation]
  3342 | D        | Gained mutation: You have a pair of small horns on your
                  | head. [potion of mutation]
  3343 | D        | Lost mutation: You occasionally shout uncontrollably at
                  | your foes. [potion of mutation]
  3343 | D        | Lost mutation: Scrolls take you longer to read. [potion of
                  | mutation]
  3343 | D        | Gained mutation: You have a pair of horns on your head.
                  | [potion of mutation]
  3343 | D        | Gained mutation: You expend magic power (3 MP) to
                  | strengthen your wands. [potion of mutation]
  3344 | D        | Lost mutation: You evolve. [potion of mutation]
  3344 | D        | Lost mutation: You are very frail. (-20% HP) [potion of
                  | mutation]
  3344 | D        | Lost mutation: Armour fits poorly on your strangely shaped
                  | body. [potion of mutation]
  3344 | D        | Gained mutation: You are somewhat resistant to further
                  | mutation. [potion of mutation]
  3345 | D        | Lost mutation: You have a pair of horns on your head.
                  | [potion of mutation]
  3345 | D        | Lost mutation: You are clumsy. (Dex -2) [potion of
                  | mutation]
  3346 | D        | Lost mutation: Scrolls take you a little longer to read.
                  | [potion of mutation]
  3346 | D        | Lost mutation: Your magical capacity is low. (-10% MP)
                  | [potion of mutation]
  3346 | D        | Lost mutation: You expend magic power (3 MP) to strengthen
                  | your wands. [potion of mutation]
  3346 | D        | Gained mutation: You are very weak. (Str -4) [potion of
                  | mutation]
  3346 | D        | Gained mutation: You are agile. (Dex +2) [potion of
                  | mutation]
  3347 | D        | Lost mutation: Your spells are a little harder to cast, but
                  | a little more powerful. [potion of mutation]
  3347 | D        | Lost mutation: You have a pair of small horns on your head.
                  | [potion of mutation]
  3347 | D        | Lost mutation: You are very weak. (Str -4) [potion of
                  | mutation]
  3348 | D        | Lost mutation: You are weak. (Str -2) [potion of mutation]
  3348 | D        | Lost mutation: You are frail. (-10% HP) [potion of
                  | mutation]
  3348 | D        | Lost mutation: You are somewhat resistant to further
                  | mutation. [potion of mutation]
  3348 | D        | Gained mutation: Your system is resistant to poisons.
                  | (rPois) [potion of mutation]
  3348 | D        | Gained mutation: You are frail. (-10% HP) [potion of
                  | mutation]
  3348 | D        | Gained mutation: You are resistant to electric shocks.
                  | (rElec) [potion of mutation]
  3349 | D        | Lost mutation: You are frail. (-10% HP) [potion of
                  | mutation]
  3349 | D        | Lost mutation: You are agile. (Dex +2) [potion of mutation]
  3349 | D        | Lost mutation: Your system is resistant to poisons. (rPois)
                  | [potion of mutation]
  3349 | D        | Gained mutation: You are weak. (Str -2) [potion of
                  | mutation]
  3349 | D        | Gained mutation: Your mind is acute. (Int +2) [potion of
                  | mutation]
  3445 | D        | Noticed a quicksilver dragon
  3445 | D        | Noticed a quicksilver dragon
  3450 | D        | Killed a quicksilver dragon
  3451 | D        | Reached skill level 24 in Polearms
  3455 | D        | Killed a quicksilver dragon
  3456 | D        | Reached XP level 13. HP: 99/114 MP: 1/13
  3458 | D        | Killed a lorocyproca
  3459 | D        | Reached skill level 15 in Fighting
  3468 | D        | Killed a lorocyproca
  3468 | D        | Received a gift from Trog
  3755 | D        | Noticed a lorocyproca
  3760 | D        | Killed a lorocyproca
  3761 | D        | Reached skill level 25 in Polearms
  3919 | D        | Noticed a quicksilver dragon
  3933 | D        | Killed a quicksilver dragon
  4197 | D        | Noticed Murray
  4216 | D        | Killed Murray
  4256 | D        | Got the Orb of Zot
  4352 | D        | Identified the cursed +1 short sword "Nofepac" {flame, +Inv
                  | Int+3 Dex+4}
  4356 | D        | Identified the ring of Tiduqafu {Ice Int+2 Dex+3 Slay+3
                  | Stlth-}
  4397 | D        | Gained mutation: Your body sometimes deteriorates upon
                  | taking damage. [mutagenic glow]
  4428 | D        | Escaped with the Orb!

Illustrated notes

Levels and vault maps discovered:
D:        the_violet_keep_of_menkaure [sprint2_stairs_cluster_1,
          sprint2_shoproom, sprint2_temple, sprint2_basic_supplies,
          sprint2_obstacle_7, sprint2_obstacle_4, sprint2_obstacle_5,
          sprint2_obstacle_1, sprint2_obstacle_3, sprint2_timed_cluster_1,
          sprint2_smallroom_cluster_1, sprint2_smallroom_final_cluster_1,
          sprint2_transparent_cluster_1, sprint2_second_timed_cluster_1,
          sprint2_sniper_area_1, sprint2_heavy_combat_area_1,
          sprint2_mutation_trap_area_1, sprint2_forest_area_1,
          sprint2_light_combat_area_1, sprint2_behind_water_1,
          sprint2_near_end_vault_1]

Skill      XL: |  1  2  3  4  5  6  7  8  9 10 11 12 13 |
---------------+----------------------------------------+-----
Polearms       | 5 6 7 12 14 15 17 19 22 24 25 | 25.6
Dodging        | 3 5 6 10 11 12 14 16 18 20 22 23 | 23.8
Fighting       | 4 7 8 9 10 12 13 14 15 | 15.6
Armour         | 2 4 5 6 7 8 10 12 13 | 13.0

Action                   |  1- 3 |  4- 6 |  7- 9 | 10-12 | 13-15 || total
-------------------------+-------+-------+-------+-------+-------++-------
Melee: Spear             |    17 |    40 |       |       |       ||    57
       Trident           |       |     7 |   100 |    15 |       ||   122
       Tailslap          |       |       |     3 |     1 |       ||     4
       Halberd           |       |       |       |    55 |       ||    55
       Bardiche          |       |       |       |    95 |    47 ||   142
Invok: Berserk           |     2 |     1 |     5 |     9 |     1 ||    18
       Trog's Hand       |       |     1 |       |     5 |     1 ||     7
       Brothers in Arms  |       |       |       |     1 |       ||     1
  Use: Scroll            |       |       |     5 |     6 |       ||    11
       Potion            |       |       |       |    10 |     4 ||    14
Armor: Chain mail        |       |       |    15 |    13 |       ||    28
       Plate armour      |       |       |       |     3 |    16 ||    19
Dodge: Dodged            |     4 |     7 |    40 |    46 |    21 ||   118

Table legend: (Time is in decaauts)
 A = Elapsed time spent in this place.
 B = Non-inter-level travel time spent in this place.
 C = Inter-level travel time spent in this place.
 D = Time resting spent in this place.
 E = Time spent auto-exploring this place.
 F = Levels seen in this place.
 G = Mean time per level.
                   A        B        C        D        E       F      G
               +--------+--------+--------+--------+--------+-----+--------+
         Total |   4332 |   4332 |      0 |   3035 |     93 |   1 | 4332.0 |
       Dungeon |   4332 |   4332 |      0 |   3035 |     93 |   1 | 4332.0 |
               +--------+--------+--------+--------+--------+-----+--------+

Top non-repeatable levels by time:
       D: 4332 daAuts
